 Dungeon Crawl Stone Soup version 0.31-a0-728-g01b46875f1 (webtiles) character file.

Game seed: 4600302380508620404

6694 AiryTheDragon the Changeling (level 10, -3/81 HPs)
             Began as a Pale Draconian Shapeshifter on Sept 11, 2023.
             Was an Elder of Okawaru.
             Slain by Erica
             ... wielding a +3 scimitar of flaming
              (9 damage)
             ... on level 9 of the Dungeon on Sept 12, 2023.
             The game lasted 02:49:11 (11405 turns).

AiryTheDragon the Changeling (DrSh)                Turns: 11405, Time: 02:49:12

Health: -3/81      AC:  7    Str: 17    XL:     10   Next: 74%
Magic:  11/15      EV: 13    Int: 12    God:    Okawaru [****..]
Gold:   218        SH:  0    Dex: 13    Spells: 1/15 levels left

rFire   . . .        p - +4 short sword (elec)
rCold   . . .        (no shield)
rNeg    . . .        (body armour unavailable)
rPois   .            (helmet currently unavailable)
rElec   .            (cloak currently unavailable)
rCorr   .            (gloves currently unavailable)
SInv    .            (boots currently unavailable)
Will    .....        (no amulet)
Stlth   +            P - ring of wizardry
HPRegen 0.33/turn    (no ring)
MPRegen 0.14/turn

%: wizardry (x1)
@: confused, short of breath, beast-form, on berserk cooldown, slowed,
invisible, very slow
A: beast (slay +3), breathe steam, AC +7, unfitting armour, cold-blooded, steam
resistance
a: Breathe Steam, Begin Untransformation, Renounce Religion, Heroism, Finesse


You were on level 9 of the Dungeon.
You worshipped Okawaru.
Okawaru was greatly pleased with you.
You were a hulking beast.
You visited 3 branches of the dungeon, and saw 12 of its levels.
You also visited: Sewer and Ossuary.

You collected 790 gold pieces.
You spent 572 gold pieces at shops.

Inventory:

Hand Weapons
 e - a +3 flail
 k - a +4 falchion
 o - a +0 orcbow
 p - a +4 short sword of electrocution (weapon)
 w - a +1 dagger of draining
 B - a +5 long sword
 F - a +3 dagger
 G - a +0 spear
 I - a +1 dagger of holy wrath
 K - a +0 shortbow
 L - a +1 heavy hand axe
 N - a +3 scimitar
Missiles
 a - 2 curare-tipped darts
 f - 26 poisoned darts
 m - 6 throwing nets
 n - 15 boomerangs
 H - a javelin
Jewellery
 P - a ring of wizardry (left hand)
Talismans
 b - a beast talisman (active)
 c - a flux talisman
 E - a serpent talisman
 J - a maw talisman
Wands
 t - a wand of polymorph (6)
Scrolls
 d - a scroll of noise
 h - 2 scrolls of amnesia
 i - a scroll of immolation
 j - 3 scrolls of teleportation {unknown}
 r - a scroll of poison {unknown}
 s - a scroll of butterflies
 v - 3 scrolls of fear
 y - a scroll of revelation
 D - 3 scrolls of enchant armour
Potions
 g - a potion of berserk rage
 l - 2 potions of brilliance
 u - a potion of resistance {unknown}
 x - a potion of haste
 A - 2 potions of enlightenment {unknown}
 C - a potion of magic {unknown}
 M - 2 potions of attraction {unknown}
 O - a potion of might


   Skills:
 + Level 5.5 Fighting
 + Level 1.0 Short Blades
 + Level 4.9(5.2) Axes
 + Level 2.4(4.0) Maces & Flails
 + Level 6.8 Ranged Weapons
 + Level 0.3 Throwing
 + Level 4.5 Dodging
 + Level 3.0 Stealth
 + Level 3.5 Unarmed Combat
 * Level 3.4 Spellcasting
 + Level 1.4 Hexes
 + Level 2.2 Necromancy
 * Level 2.9 Fire Magic
 + Level 2.8 Ice Magic
 * Level 2.3 Air Magic
 + Level 4.7 Invocations
 * Level 6.8 Shapeshifting


You had one spell level left.
You knew the following spells:

 Your Spells              Type           Power      Damage    Failure   Level
a - Hailstorm             Conj/Ice       5%         3d4       16%         3
b - Inner Flame           Hex/Fire       7%         N/A       12%         3
c - Vampiric Draining     Necr           7%         2d6       12%         3
d - Mephitic Cloud        Conj/Pois/Air  3%         N/A       21%         3
e - Static Discharge      Conj/Air       8%         2-3/arc   9%          2

Your spell library contained the following spells:

 Spells                   Type           Power      Damage    Failure   Level
 Necrotise                Necr           28%        1d5       4%          1
 Slow                     Hex            20%        N/A       5%          1
 Apportation              Tloc           4%         N/A       10%         1
 Poisonous Vapours        Pois/Air       8%         N/A       9%          2
 Confusing Touch          Hex            5%         N/A       16%         3
 Sigil of Binding         Hex            5%         N/A       16%         3
 Gell's Gravitas          Tloc           2%         N/A       26%         3
 Teleport Other           Tloc           2%         N/A       26%         3
 Airstrike                Air            3%         2d(1-17)  32%         4
 Petrify                  Tmut/Erth      2%         N/A       65%         4
 Freezing Cloud           Conj/Ice/Air   3%         6-21      75%         5
 Iskenderun's Battlesphe  Conj           2%         2d6       92%         5
 Dispersal                Tloc           1%         N/A       100%        6
 Eringya's Noxious Bog    Tmut/Pois      1%         4d6       100%        6
 Leda's Unmaking          Conj/Erth      1%         9d1       100%        6
 Summon Small Mammal      Summ           Unusable   N/A       N/A         1
 Summon Ice Beast         Ice/Summ       Unusable   N/A       N/A         4
 Summon Lightning Spire   Summ/Air       Unusable   N/A       N/A         4
 Simulacrum               Ice/Necr       Unusable   N/A       N/A         6
 Spellforged Servitor     Conj/Summ      Unusable   N/A       N/A         7

Dungeon Overview and Level Annotations

Branches:
Dungeon (10/15)            Temple (1/1) D:4            Lair (1/5) D:8
  Sewer (visited)         Ossuary (visited)
    Orc: D:9-12

Altars:
Ashenzari
Cheibriados
Dithmenos
Elyvilon
Fedhas
Hepliaklqana
Kikubaaqudgha
Nemelex Xobeh
Okawaru
Qazlal
Ru
Sif Muna
Uskayaw
Vehumet
Wu Jian
Xom
Yredelemnul
Zin
The Shining One

Shops:
D:3 [   D:7 :

Portals:
Abyss: Lair:1

Annotations:
D:9 Erica
D:10 Maurice
Temple 2 transporters
Lair:1 1 transporter, ooooo's ghost, journeyman OpCj


Innate Abilities, Weirdness & Mutations

You are a hulking beast.
Your limbs bulge with bestial killing power. (Slay +3)
You can breathe blasts of scalding, opaque steam.
Your pale cyan-grey scales are hard. (AC +7)
You cannot fit into any form of body armour.
You are cold-blooded and may be slowed by cold attacks.
You are immune to the effects of steam.


Message History

Okay, then.
Casting: Hailstorm (dangerous; 16% risk of failure)
Confirm with . or Enter, or press ? or * to list all spells.
You can't see any susceptible monsters within range! (Use Z to cast anyway.)
Casting: Hailstorm (dangerous; 16% risk of failure)
Confirm with . or Enter, or press ? or * to list all spells.
Aiming: Mephitic Cloud (dangerous; 21% risk of failure)
Press: ? - help, Shift-Dir - straight line The ball explodes into a vile cloud!
The stinking cloud engulfs something but does no damage.
You have got your breath back.
You hear the crackle of electricity.
p - a +4 short sword of electrocution (weapon)
You start resting.
Your extra speed is starting to run out.
You start resting.
You feel yourself slow down.
You start resting.
You hear some strange, mumbled words.
A lance of force appears from out of thin air!
The lance of force hits you!
* * * LOW HITPOINT WARNING * * *
You are knocked back by the lance of force.
You slam into the rock wall!
* * * LOW HITPOINT WARNING * * *
Aiming: Breathe Steam (1% risk of failure)
Press: ? - help, Shift-Dir - straight line You exhale a blast of scalding steam.
Okay, then.
As you read the scroll of fear, it crumbles to dust.
You assume a fearsome visage.
Nothing appears to happen.
You hear some strange, mumbled words.
You are confused.
You're too confused to aim your attacks!
You are too confused!
You fade into invisibility!
You hear some strange, mumbled words.
Something tries to affect you, but you resist.
Something hits you!
You die...

## ##### ### #.
#..h#########.#####'
#.###{##........'....
#. #ยง...###....#.#..
#.###.#### ##...#.#._
#...## ##.##.#..
##.## #..+.... #.#
#.#####' #.# ##+# #.
... ##...## ##


There were no monsters in sight!

Vanquished Creatures
  A komodo dragon (D:8)
  2 wyverns
  3 steam dragons
  4 yaks (D:9)
  2 acid dragons (D:9)
  5 water moccasins
  Duvessa (D:7)
  An ice beast (D:6)
  2 orc warriors (D:8)
  A black bear (D:6)
  An ogre (D:5)
  5 centaurs
  3 phantoms
  6 kobold brigands
  4 bullfrogs
  5 scorpions
  11 wights
  Dowan (D:7)
  An electric eel (D:7)
  4 howler monkeys
  3 jellies
  6 hounds
  5 orc priests
  2 gnoll boudas
  A sleepcap (D:6)
  6 iguanas
  14 orc wizards
  8 mummies (Ossuary)
  9 gnolls
  13 adders
  4 river rats (Sewer)
  A shadow imp (D:8)
  A white imp (D:7)
  An ufetubus (D:5)
  2 worms
  3 dart slugs
  36 orcs
  5 endoplasms
  5 giant cockroaches
  3 gnoll zombies (Ossuary)
  3 hobgoblins
  4 jackals
  6 quokkas
  10 ball pythons
  7 bats
  4 frilled lizards
  3 goblins
  A hobgoblin zombie (Ossuary)
  14 kobolds
  3 kobold zombies (Ossuary)
  An orc zombie (Ossuary)
  9 rats
256 creatures vanquished.

Vanquished Creatures (others)
  2 gnolls (D:7)
  An orc (D:4)
3 creatures vanquished.

Grand Total: 259 creatures vanquished

Notes
Turn   | Place    | Note
-------+----------+-------------------------------------------
     0 | D:1      | AiryTheDragon the Draconian Shapeshifter began the quest
                  | for the Orb.
     0 | D:1      | Reached XP level 1. HP: 16/16 MP: 1/1
   160 | D:1      | Reached XP level 2. HP: 23/23 MP: 2/2
   737 | D:2      | Found a faded altar of an unknown god.
   740 | D:2      | Prayed at the altar of an unknown god.
   740 | D:2      | Became a worshipper of Warmaster Okawaru
   740 | D:2      | Reached * piety under Okawaru
  1094 | D:2      | Reached XP level 3. HP: 28/28 MP: 3/3
  1538 | D:3      | Reached skill level 1 in Ranged Weapons
  1671 | D:3      | Found Bikapp's Armour Shoppe.
  1675 | D:3      | Reached XP level 4. HP: 13/36 MP: 4/4
  1772 | D:3      | Found an ornate altar of the Wu Jian Council.
  1811 | D:3      | Found a glowing drain.
  1827 | Sewer    | Entered a sewer
  1880 | Sewer    | Learned a level 3 spell: Hailstorm
  1926 | Sewer    | Reached XP level 5. HP: 21/41 MP: 5/5
  2014 | Sewer    | Reached ** piety under Okawaru
  2222 | Sewer    | Reached skill level 1 in Maces & Flails
  2222 | Sewer    | Reached XP level 6. HP: 13/50 MP: 2/6
  2943 | D:4      | Found a sand-covered staircase.
  2949 | Ossuary  | Entered an ossuary
  3049 | Ossuary  | Your scales start taking on a pale cyan-grey colour.
  3049 | Ossuary  | Reached XP level 7. HP: 28/57 MP: 2/7
  3049 | Ossuary  | Gained mutation: You are immune to the effects of steam.
                  | [Pale Draconian growth]
  3239 | Ossuary  | Reached skill level 1 in Ice Magic
  3586 | D:4      | Got the Grimoire of Transformation and the Jinx
  3944 | D:4      | Found a shadowy altar of Dithmenos.
  4236 | D:4      | Reached skill level 1 in Axes
  4504 | D:4      | Found a staircase to the Ecumenical Temple.
  4510 | Temple   | Found a transporter.
  4510 | Temple   | Found a transporter.
  4510 | Temple   | Found a transporter.
  4510 | Temple   | Found a transporter.
  4510 | Temple   | Entered the Ecumenical Temple
  4750 | D:5      | Entered Level 5 of the Dungeon
  4861 | D:5      | Reached skill level 1 in Invocations
  4873 | D:5      | Reached skill level 1 in Stealth
  4878 | D:5      | Reached skill level 5 in Shapeshifting
  4878 | D:5      | Reached XP level 8. HP: 24/63 MP: 5/8
  4893 | D:5      | Learned a level 3 spell: Inner Flame
  5234 | D:5      | Found a sparkling altar of Nemelex Xobeh.
  5834 | D:5      | Reached skill level 1 in Spellcasting
  5936 | D:5      | Upgraded the game from 0.31-a0-716-gc7603755dd to
                  | 0.31-a0-728-g01b46875f1
  6068 | D:6      | Learned a level 3 spell: Vampiric Draining
  6119 | D:6      | Reached XP level 9. HP: 24/71 MP: 9/11
  6171 | D:6      | Reached skill level 1 in Necromancy
  6265 | D:6      | Reached *** piety under Okawaru
  6492 | D:6      | Found a shimmering altar of Xom.
  6881 | D:6      | Reached skill level 5 in Ranged Weapons
  7307 | D:7      | Found an iron altar of Okawaru.
  7311 | D:7      | Found Eqidaoch's Book Boutique.
  7510 | D:7      | Bought a book of Storms for 286 gold pieces
  7510 | D:7      | Bought a book of Vapours for 286 gold pieces
  7523 | D:7      | Noticed Duvessa
  7534 | D:7      | Noticed Dowan
  7535 | D:7      | Killed Duvessa
  7536 | D:7      | Found an ancient bone altar of Kikubaaqudgha.
  7538 | D:7      | Killed Dowan
  7570 | D:7      | Found a sacrificial altar of Ru.
  7769 | D:7      | You fall into a shaft and drop 3 floors!
  7769 | D:10     | Entered Level 10 of the Dungeon
  7779 | D:10     | Noticed Maurice
  7939 | D:8      | Reached skill level 5 in Fighting
  7943 | D:8      | Learned a level 3 spell: Mephitic Cloud
  8649 | D:7      | Reached XP level 10. HP: 28/76 MP: 4/13
  8881 | D:7      | Reached skill level 1 in Short Blades
  9006 | D:7      | Found a hazy altar of Hepliaklqana.
  9449 | D:8      | Reached skill level 1 in Hexes
  9573 | D:8      | Reached skill level 1 in Fire Magic
  9857 | D:8      | Found a snail-covered altar of Cheibriados.
  9957 | D:8      | Found a staircase to the Lair.
 10010 | Lair:1   | Entered Level 1 of the Lair of Beasts
 10013 | Lair:1   | Reached **** piety under Okawaru
 10015 | Lair:1   | Reached skill level 1 in Air Magic
 10264 | Lair:1   | Noticed a cane toad
 10299 | Lair:1   | Found a transporter.
 10321 | Lair:1   | Noticed a rakshasa
 10321 | Lair:1   | Noticed a purple ugly thing
 10322 | Lair:1   | Found a one-way gate to the infinite horrors of the Abyss.
 10322 | Lair:1   | Noticed ooooo's ghost (journeyman OpCj)
 10522 | D:9      | Learned a level 2 spell: Static Discharge
 10863 | D:9      | Received a gift from Okawaru
 11307 | D:9      | Found a shimmering blue altar of Sif Muna.
 11351 | D:9      | Noticed Erica
 11402 | D:9      | HP: 4/81 [something (16)]
 11405 | D:9      | Slain by Erica

Illustrated notes

Levels and vault maps discovered:
D:1:      lemuel_arrival_room, layout_basic, minmay_unequal
D:2:      minmay_angry_zag, layout_loops_cross, chequers_ecumenical_altar_simple
D:3:      layout_loops_cross, nicolae_wu_jian_immortal_techniques,
          cheibrodos_sewer_entry_bend, serial_shops,
          nicolae_shop_advertising_works [nicolae_subvault_shop_adworks],
          chequers_serial_rivers_micro_e, minivault_23
D:4:      layout_layer_cave, grunt_dithmenos_smoke,
          minmay_temple_entry_enclosed_plants, nicolae_ossuary_entry_plus,
          nrook_mini_vaults, moated_statue, nicolae_nh_ransacked_shop
D:5:      minmay_chambers_of_threes, layout_rooms, marbit_many_paths
D:6:      layout_gridville, xom_confusion_cloud, minmay_misc_feat_alley
D:7:      layout_rooms, mainiacjoe_overflow_concentric_impassable,
          nzn_hepliaklqana_mist_gate, mainiacjoe_overflow_catch_the_wave,
          serial_shops, shop, uniq_duvessa
D:8:      nicolae_cairo_tiling_very_big, layout_cave_pools,
          kennysheep_slug_shrine, david_lair_shrubbed, st_stairs_4,
          chequers_avenue, kennysheep_generic_room_2
D:9:      layout_loops_corners, mainiacjoe_overflow_six_doors_small,
          grunt_gozag_breadcrumbs, uniq_erica
D:10:     layout_basic, trog_book, mainiacjoe_overflow_chevrons, minivault_13,
          uniq_grum, uniq_erolcha, uniq_maurice, uniq_psyche
Temple:   hellmonk_temple_divided_pantheon
Lair:1:   dreamdust_isle_of_ice, layout_misc_corridors,
          gammafunk_ghost_abyssal_escape

Skill      XL: |  1  2  3  4  5  6  7  8  9 10 |
---------------+-------------------------------+-----
Dodging        | 2 3 4 |  4.5
Ranged Weapons | 2 3 4 5 6 |  6.8
Fighting       | 2 3 4 5 |  5.5
Maces & Flails | 1 2 |  2.4
Shapeshifting  | 4 5 6 |  6.8
Ice Magic      | 2 |  2.8
Axes           | 1 3 4 |  4.9
Invocations    | 1 3 4 |  4.7
Stealth        | 1 2 3 |  3.0
Spellcasting   | 1 2 3 |  3.4
Necromancy     | 2 |  2.2
Short Blades   | 1 |  1.0
Hexes          | 1 |  1.4
Fire Magic     | 2 |  2.9
Air Magic      | 2 |  2.3
Throwing       | |  0.3
Unarmed Combat | |  3.5

Action                     |  1- 3 |  4- 6 |  7- 9 | 10-12 || total
---------------------------+-------+-------+-------+-------++-------
  Melee: Unarmed           |     4 |    39 |       |       ||    43
         Flail             |     4 |    90 |       |       ||    94
         Hand axe          |       |    11 |    53 |    33 ||    97
         Tailslap          |       |    17 |    37 |     8 ||    62
         Punch             |       |     1 |     9 |     1 ||    11
         War axe           |       |       |   137 |       ||   137
         Dagger            |       |       |    20 |       ||    20
         Short sword       |       |       |    14 |     9 ||    23
         Shortbow          |       |       |       |     2 ||     2
   Fire: Sling             |   107 |    62 |   111 |       ||   280
         Shortbow          |       |       |   142 |    64 ||   206
  Throw: Boomerang         |     1 |       |       |       ||     1
         Dart              |       |       |     7 |     2 ||     9
         Javelin           |       |       |       |     1 ||     1
   Cast: Hailstorm         |       |     1 |     2 |     1 ||     4
         Inner Flame       |       |       |     5 |    15 ||    20
         Mephitic Cloud    |       |       |       |     1 ||     1
 Invoke: Heroism           |       |     5 |    13 |     2 ||    20
Ability: Breathe Steam     |       |       |     9 |    13 ||    22
  Evoke: Wand              |       |       |       |     2 ||     2
    Use: Scroll            |     2 |     3 |     9 |     4 ||    18
         Potion            |       |     6 |     4 |     5 ||    15
   Stab: Sleeping          |       |       |       |     2 ||     2
 Armour: Skin              |    42 |    76 |   265 |    92 ||   475
  Dodge: Dodged            |    53 |    72 |   267 |    66 ||   458
   Form: Beast             |     1 |       |     3 |       ||     4
                           |     1 |       |     1 |       ||     2
         Flux              |       |     1 |     1 |       ||     2
         Maw               |       |       |     1 |       ||     1

Table legend: (Time is in decaauts)
 A = Elapsed time spent in this place.
 B = Non-inter-level travel time spent in this place.
 C = Inter-level travel time spent in this place.
 D = Time resting spent in this place.
 E = Time spent auto-exploring this place.
 F = Levels seen in this place.
 G = Mean time per level.
                   A        B        C        D        E       F      G
               +--------+--------+--------+--------+--------+-----+--------+
         Total |  11763 |  11447 |    316 |   1621 |   6780 |  14 |  840.2 |
       Dungeon |   9949 |   9642 |    307 |   1176 |   6389 |  10 |  994.9 |
        Temple |     21 |     12 |      9 |      0 |      0 |   1 |   21.0 |
          Lair |    341 |    341 |      0 |    115 |    106 |   1 |  341.0 |
         Sewer |   1055 |   1055 |      0 |    240 |    157 |   1 | 1055.0 |
       Ossuary |    395 |    395 |      0 |     90 |    128 |   1 |  395.0 |
               +--------+--------+--------+--------+--------+-----+--------+

Top non-repeatable levels by time:
     D:8: 1541 daAuts
     D:4: 1416 daAuts
     D:7: 1343 daAuts
     D:6: 1331 daAuts
     D:5: 1276 daAuts
   Sewer: 1055 daAuts
     D:9: 904 daAuts
     D:3: 751 daAuts
     D:1: 700 daAuts
     D:2: 649 daAuts
 Ossuary: 395 daAuts
  Lair:1: 341 daAuts
    D:10: 34 daAuts
  Temple: 21 daAuts
